 Dungeon Crawl Stone Soup version 0.30.1-11-g7821555f0a (webtiles) character file.

Game seed: 9259475776517346458

6309 jagang the Carver (level 10, -1/84 HPs)
             Began as a Barachi Monk on Dec 20, 2023.
             Was a Priest of Makhleb.
             Slain by a yak (8 damage)
             ... on level 8 of the Dungeon.
             The game lasted 00:28:14 (8578 turns).

jagang the Carver (Barachi Monk)                    Turns: 8578, Time: 00:28:15

Health: -1/84      AC: 23    Str: 12    XL:     10   Next: 95%
Magic:  13/13      EV:  3    Int: 12    God:    Makhleb [***...]
Gold:   312        SH: 10    Dex: 18    Spells: 9/9 levels left

rFire   . . .        z - +5 rapier of Due Proportion {heavy, rC+ Stlth+}
rCold   + . .        D - +0 kite shield
rNeg    . . .        J - +0 plate armour
rPois   .            (no helmet)
rElec   .            (no cloak)
rCorr   .            C - +2 pair of gloves
SInv    .            k - +0 pair of boots
Will    .....        F - amulet of magic regeneration Stlth
                     f - +4 ring of protection
HPRegen 0.34/turn    (no ring)
MPRegen 0.53/turn

%: no passive effects
@: unable to hop, slow
A: amphibious, slowness 1, strong legs 1, +LOS
a: Hop, Renounce Religion, Minor Destruction, Lesser Servant of Makhleb


You were on level 8 of the Dungeon.
You worshipped Makhleb.
Makhleb was most pleased with you.
You visited 1 branch of the dungeon, and saw 9 of its levels.

You collected 584 gold pieces.
You spent 272 gold pieces at shops.

Inventory:

Hand Weapons
 j - a +0 long sword of holy wrath
 y - a +0 great sword
 z - the +5 rapier of Due Proportion (weapon) {heavy, rC+ Stlth+}
   (You found it on level 6 of the Dungeon)

   rC:        It protects you from cold.
   Stlth:     It makes you more stealthy.
Missiles
 l - 2 throwing nets
 o - 6 poisoned darts (quivered)
 u - 2 datura-tipped darts
 I - 3 boomerangs
Armour
 d - an orb of light
 k - a +0 pair of boots (worn)
 C - a +2 pair of gloves (worn)
 D - a +0 kite shield (worn)
 J - a +0 plate armour (worn)
Jewellery
 f - a +4 ring of protection (left hand)
 g - an amulet of faith
 F - an amulet of magic regeneration (around neck)
Wands
 G - a wand of charming (9)
 H - a wand of flame (13)
Scrolls
 a - a scroll of butterflies
 e - 6 scrolls of teleportation
 i - a scroll of noise
 m - a scroll of fog
 n - a scroll of poison
 p - a scroll of magic mapping
 r - 3 scrolls of enchant armour
 t - 3 scrolls of fear {unknown}
 A - 2 scrolls of vulnerability
 E - 2 scrolls of brand weapon {unknown}
Potions
 b - 2 potions of brilliance {unknown}
 c - a potion of ambrosia
 h - 2 potions of heal wounds {unknown}
 q - a potion of berserk rage {unknown}
 s - a potion of flight {unknown}
 v - 3 potions of curing {unknown}
 w - a potion of attraction {unknown}
 x - a potion of haste {unknown}
 B - a potion of lignification {unknown}
 K - a potion of mutation {unknown}


   Skills:
 + Level 9.6 Fighting
 * Level 11.3 Long Blades
 - Level 3.3 Throwing
 + Level 9.8 Armour
 - Level 3.2 Dodging
 + Level 4.3 Shields
 + Level 4.7 Invocations


You had 9 spell levels left.
You didn't know any spells.
Your spell library contained the following spells:

 Spells                   Type           Power      Damage    Failure   Level
 Freeze                   Ice            0%         1d3       100%        1
 Sting                    Tmut/Pois      0%         1d3       100%        1
 Cigotuvi's Dreadful Rot  Necr/Pois/Air  0%         N/A       100%        2
 Poisonous Vapours        Pois/Air       0%         N/A       100%        2
 Call Canine Familiar     Summ           0%         N/A       100%        3
 Frozen Ramparts          Ice            0%         1d1       100%        3
 Hailstorm                Conj/Ice       0%         3d3       100%        3
 Ignite Poison            Fire/Tmut/Pois 0%         N/A       100%        3
 Portal Projectile        Hex/Tloc       0%         N/A       100%        3
 Leda's Liquefaction      Hex/Erth       0%         N/A       100%        4
 Olgreb's Toxic Radiance  Pois           0%         N/A       100%        4
 Freezing Cloud           Conj/Ice/Air   0%         6-21      100%        5


Dungeon Overview and Level Annotations

Branches:
Dungeon (9/15)             Temple (0/1) D:7            Lair (0/5) D:9
    Orc: D:9-12

Altars:
Gozag
Hepliaklqana
Kikubaaqudgha
Makhleb
Sif Muna
Trog
Wu Jian
Xom
Zin

Shops:
D:6 :   D:7 *=*[

Annotations:
D:7 exclusion: ice statue


Innate Abilities, Weirdness & Mutations

You are amphibious.
You cover ground slowly.
You can hop short distances.
You have an extended range of vision and can be seen from far away.


Message History

The howler monkey hoots and howls with incredible vigour!
You block the yak's attack.
Your hellwing barely misses the centaur.
Your hellwing closely misses the centaur.
The centaur hits your hellwing but does no damage.
The centaur barely misses your hellwing.
You hear a bellow! x6
There is a stone staircase leading up here.
The yak gores you but does no damage.
The centaur hits your hellwing but does no damage.
The centaur kicks your hellwing but does no damage.
Your hellwing hits the centaur.
The centaur dies!
Makhleb accepts your kill.
You climb upwards.
There is a stone staircase leading down here.
You impale the yak!!
The yak is severely wounded.
The orc warrior hits you but does no damage.
You block the yak's attack.
The orc warrior hits you but does no damage.
The yak gores you but does no damage.
You puncture the yak!
The yak is almost dead.
The orc warrior hits you with a +0 hand axe.
* * * LOW HITPOINT WARNING * * *
The yak gores you but does no damage.
You barely miss the yak.
The yak is almost dead.
You block the orc warrior's attack. The yak gores you but does no damage.
You block the orc warrior's attack. The yak completely misses you.
You barely miss the yak.
The yak is almost dead.
You block the orc warrior's attack. The yak gores you but does no damage.
You barely miss the yak.
The yak is almost dead.
You block the orc warrior's attack. The yak gores you.
* * * LOW HITPOINT WARNING * * *
The orc warrior barely misses you. The yak gores you!
You die...

#....#.#####.###########
#....#.# #.# #.....)..
#....#.# #.# #.#######
#....#.# ###.# #.# #...
#....#.# #...# #.# #...
##.###.# #[### #.# #...
#.# #.###.# #.# #...
#.###.....### #.# #...
#.#...@.....# #.# #...
#.#..Yo.....# #.# #...
#.#.........###.####...
#.#................+...
#.#.........###.####...
#.#.........###........
#.###........##########
#.# #...####...........
#.# #...# #########...


You could see a yak and an orc warrior.

Vanquished Creatures
  A two-headed ogre (D:9)
  A boulder beetle (D:8)
  Pikel (D:8)
  An unseen horror (D:8)
  2 wyverns (D:7)
  5 yaks
  2 water moccasins
  An ice beast (D:5)
  An orc warrior (D:8)
  A black bear (D:7)
  2 ogres (D:4)
  A centaur (D:7)
  2 phantoms
  5 bullfrogs
  A gnoll sergeant (D:7)
  3 scorpions
  8 wights
  3 killer bees (D:8)
  2 howler monkeys (D:9)
  2 hounds (D:4)
  4 jellies
  3 sleepcaps
  A gnoll bouda (D:4)
  4 orc priests
  6 iguanas
  3 orc wizards
  12 gnolls
  5 adders
  A white imp (D:6)
  An ufetubus (D:5)
  3 worms (D:2)
  2 dart slugs
  23 orcs
  11 ball pythons
  12 bats
  4 endoplasms
  3 giant cockroaches
  5 goblins
  10 hobgoblins
  7 jackals
  3 quokkas
  A frilled lizard (D:3)
  6 kobolds
  5 rats
180 creatures vanquished.

Vanquished Creatures (collateral kills)
  3 yaks (D:9)
  A centaur (D:9)
  A gnoll (D:4)
5 creatures vanquished.

Vanquished Creatures (others)
  A gnoll (D:7)
1 creature vanquished.

Grand Total: 186 creatures vanquished

Notes
Turn   | Place    | Note
-------+----------+-------------------------------------------
     0 | D:1      | jagang the Barachi Monk began the quest for the Orb.
     0 | D:1      | Reached XP level 1. HP: 18/18 MP: 1/1
   149 | D:1      | Reached skill level 1 in Armour
   152 | D:1      | Reached XP level 2. HP: 19/25 MP: 2/2
   727 | D:2      | Reached skill level 4 in Long Blades
   738 | D:2      | Reached XP level 3. HP: 11/30 MP: 3/3
   869 | D:2      | Found a shimmering altar of Xom.
  1715 | D:3      | Reached XP level 4. HP: 15/37 MP: 4/4
  2049 | D:3      | Found a faded altar of an unknown god.
  2282 | D:3      | Found a bloodstained altar of Trog.
  2294 | D:3      | Reached XP level 5. HP: 40/43 MP: 3/5
  2484 | D:4      | Noticed an ogre
  2490 | D:4      | HP: 1/43 [ogre/+0 giant spiked club (26)]
  2651 | D:4      | Killed an ogre
  2704 | D:4      | Found an ancient bone altar of Kikubaaqudgha.
  2743 | D:4      | Reached skill level 5 in Fighting
  2743 | D:4      | Reached skill level 5 in Long Blades
  2743 | D:4      | Reached XP level 6. HP: 51/51 MP: 6/6
  2766 | D:4      | Reached skill level 5 in Armour
  3124 | D:4      | Found a burning altar of Makhleb.
  3124 | D:4      | Noticed a green death
  3125 | D:4      | Found a glowing silver altar of Zin.
  3125 | D:4      | Noticed an angel
  3299 | D:4      | Reached XP level 7. HP: 23/56 MP: 7/7
  3604 | D:4      | Found a shimmering blue altar of Sif Muna.
  3740 | D:5      | Entered Level 5 of the Dungeon
  3891 | D:4      | Became a worshipper of Makhleb the Destroyer
  3891 | D:4      | Reached * piety under Makhleb
  3891 | D:4      | Reached ** piety under Makhleb
  3931 | D:5      | Reached skill level 6 in Long Blades
  4148 | D:5      | Reached XP level 8. HP: 65/65 MP: 8/8
  4294 | D:5      | Identified the staff of death "Wed Yfaf" {rF++ rN+ Str+2
                  | Stlth+}
  4419 | D:5      | Found a hazy altar of Hepliaklqana.
  4548 | D:5      | Reached skill level 1 in Throwing
  4646 | D:6      | Reached skill level 1 in Invocations
  4662 | D:6      | Reached skill level 7 in Long Blades
  4907 | D:6      | Found Wephugh's Vocational Training.
  5343 | D:6      | Found an opulent altar of Gozag.
  5515 | D:6      | Found a shimmering blue altar of Sif Muna.
  5539 | D:6      | Identified the +5 rapier of Due Proportion {heavy, rC+
                  | Stlth+}
  5549 | D:6      | Reached XP level 9. HP: 71/73 MP: 10/10
  5690 | D:7      | Found Nyal Moxou's Armour Boutique.
  5720 | D:6      | Reached skill level 8 in Long Blades
  6020 | D:7      | Bought a +2 pair of gloves for 214 gold pieces
  6020 | D:7      | Bought a +0 kite shield for 58 gold pieces
  6120 | D:7      | Reached *** piety under Makhleb
  6312 | D:7      | Found a staircase to the Ecumenical Temple.
  6320 | D:7      | Reached skill level 9 in Long Blades
  6453 | D:7      | Found Edof's General Store.
  6485 | D:7      | Found Nariat's Assorted Antiques.
  6539 | D:7      | Found Azxexeck's Jewellery Shoppe.
  6619 | D:7      | Reached skill level 1 in Shields
  6857 | D:7      | Noticed an ice statue
  6991 | D:7      | Found an ornate altar of the Wu Jian Council.
  7329 | D:8      | Noticed a boulder beetle
  7352 | D:8      | Killed a boulder beetle
  7353 | D:8      | Reached XP level 10. HP: 69/82 MP: 12/12
  7374 | D:8      | Noticed Pikel
  7382 | D:8      | Killed Pikel
  7383 | D:8      | Reached skill level 10 in Long Blades
  8053 | D:8      | Killed an unseen horror
  8462 | D:9      | Found a staircase to the Lair.
  8553 | D:9      | Noticed a two-headed ogre
  8564 | D:9      | Killed a two-headed ogre
  8565 | D:9      | Reached skill level 11 in Long Blades
  8578 | D:8      | Slain by a yak

Illustrated notes

Levels and vault maps discovered:
D:1:      ebering_trefoil_3fold, layout_basic, serial_bayou,
          serial_bayou_pond_a, serial_bayou_ford_a, serial_bayou_lagoon_a,
          serial_bayou_lagoon_b
D:2:      layout_basic, basic_altar
D:3:      layout_basic, trog_antimagical,
          shapermc_ecumenical_altar_mp_urbaneastern, serial_glass,
          glass_columns_b, glass_columns_c, minmay_misc_feat_rugged
D:4:      layout_cave_pools, grunt_temple_overflow_order_and_chaos_2,
          amcnicky_altar_gilded, serial_park_tiny_1, kennysheep_diamond
D:5:      layout_loops_ring, worldfamousw_hep_ancestral_shrine,
          minmay_tree_intersection
D:6:      layout_basic, grunt_gozag_statues, overflow_temple_1_default,
          nicolae_shop_vocational
D:7:      lemuel_ice_statue, layout_loops_ring, nicolae_wu_jian_glorious_leap,
          minmay_temple_entry_waves, serial_shops, shop, shop,
          nicolae_shop_trees, shop_statue, serial_park_tiny_pond,
          roderic_batcave
D:8:      layout_basic, uniq_pikel
D:9:      layout_basic, lair_entry_dummy

Skill      XL: |  1  2  3  4  5  6  7  8  9 10 |
---------------+-------------------------------+-----
Armour         | 1 2 3 4 5 7 8 9 |  9.8
Fighting       | 4 5 6 7 8 9 |  9.6
Long Blades    | 4 5 6 7 9 11 | 11.3
Throwing       | 2 3 |  3.3
Invocations    | 2 3 4 |  4.7
Shields        | 2 4 |  4.3
Dodging        | |  3.2

Action                     |  1- 3 |  4- 6 |  7- 9 | 10-12 || total
---------------------------+-------+-------+-------+-------++-------
  Melee: Falchion          |    55 |       |       |       ||    55
         Long sword        |    44 |   124 |   173 |       ||   341
         Rapier            |       |       |   128 |   104 ||   232
  Throw: Dart              |       |    32 |    17 |     3 ||    52
         Throwing net      |       |       |     2 |       ||     2
 Invoke: Minor Destruction |       |       |     8 |       ||     8
         Lesser Servant of |       |       |       |     1 ||     1
Ability: Hop               |       |     5 |     4 |     1 ||    10
    Use: Potion            |       |     1 |       |       ||     1
         Scroll            |       |       |     7 |     1 ||     8
 Armour: Leather armour    |    15 |    14 |       |       ||    29
         Ring mail         |       |    35 |     9 |       ||    44
         Chain mail        |       |       |   185 |    33 ||   218
         Plate armour      |       |       |       |    88 ||    88
  Dodge: Dodged            |    66 |   105 |   107 |    33 ||   311
  Block: Kite shield       |       |       |    45 |    73 ||   118
